 Dungeon Crawl Stone Soup version 0.23.1-42-g8abd8fc (webtiles) character file.

Game seed: 9965823667789169199

59 doot the Shooter (level 3, -5/30 HPs)
             Began as a Draconian Hunter on Mar 30, 2019.
             Slain by a gnoll
             ... wielding a +0 halberd
              (7 damage)
             ... on level 2 of the Dungeon.
             The game lasted 00:05:31 (1867 turns).

doot the Shooter (Draconian Hunter)                 Turns: 1867, Time: 00:05:31

Health: -5/30      AC:  5    Str: 14    XL:     3   Next: 78%
Magic:  3/3        EV: 12    Int: 11    God:
Gold:   94         SH:  0    Dex: 12    Spells: 2/2 levels left

rFire    . . .     SeeInvis .   a - +0 hand axe
rCold    . . .     Gourm    .   (no shield)
rNeg     . . .     Faith    .   (armour unavailable)
rPois    .         Spirit   .   (helmet restricted)
rElec    .         Reflect  .   (no cloak)
rCorr    .         Harm     .   (no gloves)
MR       .....                  (no boots)
Stlth    ++........             (no amulet)
HPRegen  0.10/turn              (no ring)
MPRegen  0.08/turn              (no ring)

@: no status effects
A: unfitting armour, cold-blooded, AC +5
a: no special abilities


You were on level 2 of the Dungeon.
You were near starving.

You visited 1 branch of the dungeon, and saw 2 of its levels.

You collected 94 gold pieces.

Inventory:

Hand Weapons
 a - a +0 hand axe (weapon)
 b - a +1 shortbow
 g - a +0 short sword
Scrolls
 e - a scroll of random uselessness {unknown}
 h - 2 scrolls of teleportation {unknown}
 i - 3 scrolls of identify {unknown}
 j - 2 scrolls of amnesia {unknown}
Potions
 f - 2 potions of mutation {unknown}
 k - a potion of curing {unknown}
 l - 2 potions of agility {unknown}
 n - a potion of berserk rage {unknown}
Comestibles
 d - 3 rations


   Skills:
 + Level 2.4 Fighting
 + Level 0.4 Short Blades
 + Level 0.5 Axes
 + Level 4.6 Bows
 + Level 2.1 Dodging
 + Level 0.9 Stealth


You had 2 spell levels left.
You didn't know any spells.
Your spell library was empty.

Dungeon Overview and Level Annotations

Branches:
Dungeon (2/15)

Altars:


Innate Abilities, Weirdness & Mutations

Your plain brown scales are hard. (AC +5)
You cannot fit into any form of body armour.
You are cold-blooded and may be slowed by cold attacks.


Message History

Press: ? - help, Shift-Dir - straight line, f/p - gnoll
Aim: a gnoll, wielding a +0 halberd (heavily wounded)
Okay, then.
Firing (i - inventory) No suitable missiles.
Press: ? - help, Shift-Dir - straight line, f/p - gnoll
Aim: a gnoll, wielding a +0 halberd (heavily wounded)
Okay, then.
a - a +0 hand axe (weapon)
The gnoll hits you with a +0 halberd!
Things that are here:
an arrow; a +0 club; a gnoll corpse You barely miss the gnoll.
The gnoll is heavily wounded.
The gnoll hits you with a +0 halberd!
Ouch! That really hurt!
* * * LOW HITPOINT WARNING * * *
You hit the gnoll but do no damage.
The gnoll is heavily wounded.
The gnoll hits you with a +0 halberd!
You die...

##..#.###
##..♣.♣..##############
#..♣♣♣♣♣....##........#
##.♣.♣♣♣..♣...#........#
###.....♣♣♣♣♣♣...........#
#....♣♣.♣♣.♣.♣.##........#
#...♣♣.♣♣♣.♣♣..#.........#
#....♣.♣♣.♣♣♣..#.......###
#....♣.♣.♣@_♣♣.#.......#
#...♣♣..♣♣♣g♣♣.........####
#..♣.♣♣♣♣♣.♣♣♣.........+...
#...♣.♣♣♣♣♣g♣♣.........#..#
#...♣...♣....♣.............
....'.................[>#
....#..g.................
.. #..........######....
+....................


You could see a gnoll.

Vanquished Creatures
  A gnoll (D:2)
  2 adders (D:2)
  4 bats
  5 giant cockroaches
  5 goblins
  5 hobgoblins (D:1)
  A frilled lizard (D:1)
  3 kobolds (D:1)
  4 rats
30 creatures vanquished.

Notes
Turn   | Place    | Note
-------+----------+-------------------------------------------
     0 | D:1      | doot the Draconian Hunter began the quest for the Orb.
     0 | D:1      | Reached XP level 1. HP: 17/17 MP: 1/1
   118 | D:1      | Reached skill level 4 in Bows
   137 | D:1      | Reached XP level 2. HP: 22/24 MP: 2/2
  1050 | D:2      | Reached XP level 3. HP: 29/29 MP: 3/3
  1198 | D:2      | Found a faded altar of an unknown god.
  1867 | D:2      | Slain by a gnoll

Skill      XL: |  1  2 |
---------------+-------+-----
Bows           | 4 |  4.6
Dodging        | 2 |  2.1
Fighting       | |  2.4
Short Blades   | |  0.4
Axes           | |  0.5
Stealth        | |  0.9

Action                   || total
-------------------------++-------
Melee: Short sword       ||     5
       Tailslap          ||     7
       Hand axe          ||    42
 Fire: Shortbow          ||    68
  Eat: Chunk             ||     1
Armor: Skin              ||    17
Dodge: Dodged            ||    44
